 Dungeon Crawl Stone Soup version 0.30-a0-737-gf23d94013f (webtiles) character file.

Game seed: 12776084729754147737

4852 jimonade the Thaumaturge (level 10, -6/67 (74) HPs)
             Began as a Gnoll Hedge Wizard on Feb 2, 2023.
             Was an Initiate of Ashenzari.
             Mangled by a death yak (9 damage)
             ... on level 8 of the Dungeon.
             The game lasted 00:27:09 (10475 turns).

jimonade the Thaumaturge (Gnoll Hedge Wizard)      Turns: 10475, Time: 00:27:09

HP:   -6/67 (74)    AC:  8    Str: 11    XL:     10   Next: 49%
MP:   1/23          EV: 15    Int: 16    God:    Ashenzari [......]
Gold: 465           SH:  6    Dex: 18    Spells: 14/27 levels left

rFire   . . .      SeeInvis .    a - +1 scimitar (venom)
rCold   . . .      Faith    .    t - +0 buckler
rNeg    . . .      Spirit   .    k - +0 leather armour
rPois   .          Reflect  .    c - +0 hat of Desmomancy {Elem, Bglg} (curse)
rElec   .          Harm     .    J - +0 cloak
rCorr   .          Rampage  .    (no gloves)
Will    .....                    x - +2 pair of boots
Stlth   +++                      (no amulet)
HPRegen 0.31/turn                E - +6 ring of dexterity
MPRegen 0.18/turn                D - +4 ring of slaying

@: studying Invocations, drained
A: fangs 1, strong nose, distributed training
a: Renounce Religion, Shatter the Chains


You were on level 8 of the Dungeon.
You worshipped Ashenzari.
Ashenzari was noncommittal.
You visited 1 branch of the dungeon, and saw 8 of its levels.

You collected 465 gold pieces.

Inventory:

Hand Weapons
 a - a +1 scimitar of venom (weapon)
 p - a +0 sling
 s - a +2 whip of flaming
 G - a +0 dagger
Missiles
 r - a throwing net
 z - 12 poisoned darts
 A - 10 boomerangs
 I - 3 silver boomerangs
Armour
 c - the cursed +0 hat of Desmomancy (worn) {Elem, Bglg}

   It has a curse which improves the following skills: Elements: Fire Magic, Ice
   Magic, Air Magic and Earth Magic.
   Beguiling: Conjurations, Hexes and Translocations.
 j - a +2 pair of boots
 k - a +0 leather armour (worn)
 o - a +0 kite shield
 t - a +0 buckler (worn)
 u - a +0 ring mail
 x - a +2 pair of boots (worn)
 J - a +0 cloak (worn)
Magical Staves
 y - a staff of death
Jewellery
 i - a ring of flight
 v - an amulet of regeneration
 C - a ring of fire
 D - a +4 ring of slaying (right hand)
 E - a +6 ring of dexterity (left hand)
Wands
 b - a wand of paralysis (12)
Scrolls
 e - 2 scrolls of enchant weapon
 g - 5 scrolls of identify
 l - a scroll of butterflies
 n - 2 scrolls of poison
 q - 4 scrolls of teleportation
 H - a scroll of blinking
 L - a scroll of amnesia
Potions
 d - a potion of magic
 f - 2 potions of curing
 h - a potion of invisibility
 m - a potion of might
 w - 4 potions of heal wounds
 B - a potion of brilliance


   Skills:
 + Level 5.5 Fighting
 + Level 5.5 Short Blades
 + Level 5.5 Long Blades
 + Level 5.5 Axes
 + Level 5.5 Maces & Flails
 + Level 5.5 Polearms
 + Level 5.5 Staves
 + Level 5.5 Ranged Weapons
 + Level 5.5 Throwing
 + Level 5.5 Armour
 + Level 7.3 Dodging
 + Level 7.0 Stealth
 + Level 5.5 Shields
 + Level 5.5 Unarmed Combat
 + Level 9.1 Spellcasting
 + Level 5.1(5.5) Conjurations
 + Level 4.5(5.0) Hexes
 + Level 5.1 Summonings
 + Level 4.5 Necromancy
 + Level 5.1(5.5) Translocations
 + Level 4.5 Transmutations
 + Level 4.5(5.0) Fire Magic
 + Level 4.5(5.0) Ice Magic
 + Level 4.5(5.0) Air Magic
 + Level 4.5(5.0) Earth Magic
 + Level 4.5 Poison Magic
 + Level 8.4 Invocations
 + Level 5.5 Evocations


You had 14 spell levels left.
You knew the following spells:

 Your Spells              Type           Power      Damage    Failure   Level
a - Magic Dart            Conj           100%       1d8       1%          1
b - Blink                 Tloc           50%        N/A       2%          2
c - Slow                  Hex            92%        N/A       2%          1
d - Call Imp              Summ           23%        N/A       3%          2
e - Cigotuvi's Dreadful   Necr/Pois/Air  44%        N/A       3%          2
f - Scorch                Fire           46%        2d7       3%          2
g - Mephitic Cloud        Conj/Pois/Air  23%        N/A       6%          3

Your spell library contained the following spells:

 Spells                   Type           Power      Damage    Failure   Level
 Necrotise                Necr           88%        1d8       2%          1
 Inner Flame              Hex/Fire       23%        N/A       6%          3
 Vampiric Draining        Necr           22%        2d7       8%          3
 Flame Wave               Conj/Fire      24%        2d8       19%         4
 Cause Fear               Hex            11%        N/A       22%         4
 Agony                    Necr           22%        N/A       56%         5
 Summon Cactus Giant      Summ           11%        N/A       97%         6
 Discord                  Hex            11%        N/A       100%        8


Dungeon Overview and Level Annotations

Branches:
Dungeon (8/15)             Temple (0/1) D:4            Lair (0/5) D:8

Altars:
Ashenzari
Dithmenos
Elyvilon
Fedhas
Gozag
Hepliaklqana
Kikubaaqudgha
Nemelex Xobeh
Okawaru
Qazlal
Sif Muna
Uskayaw
Yredelemnul
Zin
The Shining One

Annotations:
D:7 exclusion: downstairs


Innate Abilities, Weirdness & Mutations

You have very sharp teeth.
Your uncanny sense of smell can sniff out nearby items.
Your experience applies equally to all skills.


Message History

Casting: Scorch (safe; 3% risk of failure)
Confirm with . or Enter, or press ? or * to list all spells.
You miscast Scorch.
You are very lightly contaminated with residual magic.
Nothing appears to happen.
You block the death yak's attack.
Casting: Scorch (safe; 3% risk of failure)
Confirm with . or Enter, or press ? or * to list all spells.
Flames lash the death yak.
The death yak is burned terribly!
The death yak is lightly wounded.
You block the death yak's attack.
Casting: Scorch (safe; 3% risk of failure)
Confirm with . or Enter, or press ? or * to list all spells.
Flames lash the death yak but do no damage.
The death yak gores you!!
* * * LOW HITPOINT WARNING * * *
Casting: Scorch (safe; 3% risk of failure)
Confirm with . or Enter, or press ? or * to list all spells.
Flames lash the death yak.
The death yak is burned terribly!
The death yak is lightly wounded.
You block the death yak's attack.
Casting: Scorch (safe; 3% risk of failure)
Confirm with . or Enter, or press ? or * to list all spells.
Flames lash the death yak.
The death yak is burned terribly!
The death yak is lightly wounded.
The death yak misses you.
Casting: Scorch (safe; 3% risk of failure)
Confirm with . or Enter, or press ? or * to list all spells.
Flames lash the death yak but do no damage.
You block the death yak's attack.
Casting: Scorch (safe; 3% risk of failure)
Confirm with . or Enter, or press ? or * to list all spells.
Flames lash the death yak but do no damage.
The death yak gores you!!
* * * LOW HITPOINT WARNING * * *
Your magical contamination has completely faded away.
You hit the death yak.
The death yak is poisoned.
The death yak is lightly wounded.
The death yak snorts and paws the ground.
The death yak gores you!
You die...

.............#.#.#
#..+.......#
.............#.#.#
#.##.......#
.[...........#.#.#
...+.......#
.....##'######.#.#
.....##..## #.#.#
.....###..# #.#.# ##)###
##.####.#.# #.# #.#
#...##.#Y# #.###########
#.# ###..#.#@#
#...........# ##.#
##...#.# #...........#
...#
##..#.###...........#
####
#[.#†#.............#
##.#.#.#......)....#
#...#.#......))...#
#...#.#.#####)#####
###### #.......# #.#
#####....#####.#.#...###
#.######


You could see a death yak (very poisoned, combustible).

Vanquished Creatures
  A two-headed ogre (D:8)
  A death yak (D:8)
  Pikel (D:7)
  Joseph (D:7)
  A yak (D:8)
  A water moccasin (D:7)
  An ice beast (D:8)
  3 black bears
  An ogre (D:6)
  2 orc warriors
  2 centaurs
  A phantom (D:7)
  2 lemures (D:7)
  A kobold brigand (D:7)
  A necrophage (D:7)
  2 bullfrogs (D:8)
  A gnoll sergeant (D:8)
  2 scorpions
  7 wights
  An electric eel (D:7)
  2 howler monkeys
  A hound (D:4)
  6 orc priests
  2 jellies
  2 iguanas
  12 orc wizards
  A mummy (D:6)
  8 gnolls
  9 adders
  5 white imps
  An ufetubus (D:5)
  A worm (D:3)
  5 dart slugs
  20 orcs
  3 bats
  9 endoplasms
  A giant cockroach (D:3)
  3 goblins
  A hobgoblin (D:2)
  2 jackals (D:2)
  4 quokkas
  8 ball pythons
  3 frilled lizards
  9 kobolds
  3 kobold zombies (D:6)
  An orc zombie (D:6)
  4 rats
159 creatures vanquished.

Vanquished Creatures (others)
  A human (D:6)
  3 plants (D:8)
4 creatures vanquished.

Grand Total: 163 creatures vanquished

Notes
Turn   | Place    | Note
-------+----------+-------------------------------------------
     0 | D:1      | jimonade the Gnoll Hedge Wizard began the quest for the
                  | Orb.
     0 | D:1      | Reached XP level 1. HP: 13/13 MP: 8/8
   246 | D:1      | Reached XP level 2. HP: 20/20 MP: 5/10
  1004 | D:2      | Reached XP level 3. HP: 14/25 MP: 1/11
  1195 | D:2      | Reached skill level 1 in Invocations
  1222 | D:2      | Reached skill level 1 in Fighting
  1222 | D:2      | Reached skill level 1 in Short Blades
  1222 | D:2      | Reached skill level 1 in Long Blades
  1222 | D:2      | Reached skill level 1 in Axes
  1222 | D:2      | Reached skill level 1 in Maces & Flails
  1222 | D:2      | Reached skill level 1 in Polearms
  1222 | D:2      | Reached skill level 1 in Staves
  1222 | D:2      | Reached skill level 1 in Ranged Weapons
  1222 | D:2      | Reached skill level 1 in Throwing
  1222 | D:2      | Reached skill level 1 in Armour
  1222 | D:2      | Reached skill level 1 in Shields
  1222 | D:2      | Reached skill level 1 in Unarmed Combat
  1222 | D:2      | Reached skill level 1 in Evocations
  1531 | D:2      | Found a white marble altar of Elyvilon.
  1535 | D:2      | Reached XP level 4. HP: 32/32 MP: 9/13
  1845 | D:3      | Reached skill level 1 in Hexes
  1845 | D:3      | Reached skill level 1 in Necromancy
  1845 | D:3      | Reached skill level 1 in Transmutations
  1845 | D:3      | Reached skill level 1 in Fire Magic
  1845 | D:3      | Reached skill level 1 in Ice Magic
  1845 | D:3      | Reached skill level 1 in Air Magic
  1845 | D:3      | Reached skill level 1 in Earth Magic
  1845 | D:3      | Reached skill level 1 in Poison Magic
  2283 | D:3      | Found a basalt altar of Yredelemnul.
  2351 | D:3      | Reached XP level 5. HP: 20/37 MP: 3/14
  3165 | D:3      | Found a glowing golden altar of the Shining One.
  3229 | D:3      | Found an iron altar of Okawaru.
  3459 | D:4      | Reached XP level 6. HP: 38/44 MP: 8/16
  3552 | D:4      | Reached skill level 5 in Dodging
  3710 | D:4      | Found a hide-covered altar of Uskayaw.
  3893 | D:4      | Found a shadowy altar of Dithmenos.
  4299 | D:4      | Found a broken altar of Ashenzari.
  4344 | D:4      | Became a worshipper of Ashenzari the Shackled
  4362 | D:4      | Found a staircase to the Ecumenical Temple.
  4585 | D:5      | Entered Level 5 of the Dungeon
  4610 | D:5      | Reached XP level 7. HP: 43/50 MP: 10/18
  4716 | D:5      | Found a sparkling altar of Nemelex Xobeh.
  4733 | D:5      | Learned a level 2 spell: Blink
  4735 | D:5      | Learned a level 1 spell: Slow
  4738 | D:5      | Learned a level 2 spell: Call Imp
  5545 | D:6      | Reached skill level 5 in Stealth
  5791 | D:6      | Reached XP level 8. HP: 36/58 MP: 19/19
  5890 | D:6      | Found an opulent altar of Gozag.
  6196 | D:6      | Reached skill level 8 in Spellcasting
  6690 | D:6      | Reached skill level 5 in Invocations
  6907 | D:6      | Found a shimmering blue altar of Sif Muna.
  7137 | D:6      | Found an ancient bone altar of Kikubaaqudgha.
  7380 | D:7      | Found a glowing silver altar of Zin.
  7735 | D:7      | Found a blossoming altar of Fedhas.
  7882 | D:7      | Reached XP level 9. HP: 52/65 MP: 21/21
  8282 | D:7      | Noticed Pikel
  8316 | D:7      | Killed Pikel
  8421 | D:7      | Reached * piety under Ashenzari
  8579 | D:7      | Noticed Joseph
  8589 | D:7      | Killed Joseph
  8602 | D:7      | HP: 3/66 [water moccasin (1)]
  9023 | D:7      | Found a stormy altar of Qazlal.
  9084 | D:7      | Learned a level 2 spell: Cigotuvi's Dreadful Rot
  9087 | D:7      | Learned a level 2 spell: Scorch
  9091 | D:7      | Learned a level 3 spell: Mephitic Cloud
  9133 | D:8      | Noticed a death yak
  9157 | D:8      | Noticed a death yak
  9166 | D:8      | Noticed a death yak
  9167 | D:8      | Killed a death yak
  9168 | D:8      | Reached skill level 5 in Fighting
  9168 | D:8      | Reached skill level 5 in Short Blades
  9168 | D:8      | Reached skill level 5 in Long Blades
  9168 | D:8      | Reached skill level 5 in Axes
  9168 | D:8      | Reached skill level 5 in Maces & Flails
  9168 | D:8      | Reached skill level 5 in Polearms
  9168 | D:8      | Reached skill level 5 in Staves
  9168 | D:8      | Reached skill level 5 in Ranged Weapons
  9168 | D:8      | Reached skill level 5 in Throwing
  9168 | D:8      | Reached skill level 5 in Armour
  9168 | D:8      | Reached skill level 5 in Shields
  9168 | D:8      | Reached skill level 5 in Unarmed Combat
  9168 | D:8      | Reached skill level 5 in Evocations
  9168 | D:8      | Reached XP level 10. HP: 33/74 MP: 2/22
  9699 | D:8      | Found a hazy altar of Hepliaklqana.
  9716 | D:8      | Reached skill level 9 in Spellcasting
  9809 | D:8      | Found a staircase to the Lair.
  9914 | D:8      | Noticed a two-headed ogre
 10100 | D:8      | Killed a two-headed ogre
 10101 | D:8      | Reached skill level 5 in Conjurations
 10101 | D:8      | Reached skill level 5 in Summonings
 10101 | D:8      | Reached skill level 5 in Translocations
 10474 | D:8      | HP: 3/67 [death yak (19)]
 10475 | D:8      | Mangled by a death yak

Illustrated notes

Levels and vault maps discovered:
D:1:      reono_arrival_forest_river, layout_loops_cross
D:2:      layout_rooms, basic_altar, minmay_misc_feat_square
D:3:      layout_basic, yredelemnul_altar_generic, old_standard_altar,
          mainiacjoe_overflow_chevrons, roderic_three_in_a_row
D:4:      layout_cave_pools, lemuel_crystal_altar, kennysheep_mini_moat,
          mainiacjoe_overflow_catwalk, minmay_temple_entry_water_ring,
          minmay_manual_maat
D:5:      layout_loops_ring, lemuel_doored_altar, roderic_roman_lattice
D:6:      layout_loops_ring, kennysheep_orc_sif_temple, tgw_kikubaaqudgha,
          mainiacjoe_overflow_paths, serial_demonic, serial_demonic_c,
          serial_demonic_a, serial_demonic_g, serial_demonic_c,
          nrook_mini_vaults, minmay_mini_ossuary
D:7:      layout_loops_ring, amcnicky_altar_gilded,
          nicolae_qazlal_style_of_elements, mainiacjoe_overflow_24_doors,
          minivault_25, dk_noncrumbling_3, minivault_14, uniq_pikel, uniq_joseph
D:8:      layout_basic, nicolae_hepliaklqana_hazy_memory,
          mainiacjoe_overflow_boulevard, dpeg_lair_monsters

Skill      XL: |  1  2  3  4  5  6  7  8  9 10 |
---------------+-------------------------------+-----
Conjurations   | 2 3 4 5 |  5.1
Summonings     | 2 3 4 5 |  5.1
Translocations | 2 3 4 5 |  5.1
Invocations    | 1 2 4 5 7 8 |  8.4
Fighting       | 1 2 3 5 |  5.5
Short Blades   | 1 2 3 5 |  5.5
Long Blades    | 1 2 3 5 |  5.5
Axes           | 1 2 3 5 |  5.5
Maces & Flails | 1 2 3 5 |  5.5
Polearms       | 1 2 3 5 |  5.5
Staves         | 1 2 3 5 |  5.5
Ranged Weapons | 1 2 3 5 |  5.5
Throwing       | 1 2 3 5 |  5.5
Armour         | 1 2 3 5 |  5.5
Shields        | 1 2 3 5 |  5.5
Unarmed Combat | 1 2 3 5 |  5.5
Evocations     | 1 2 3 5 |  5.5
Hexes          | 1 2 3 4 |  4.5
Necromancy     | 1 2 3 4 |  4.5
Transmutations | 1 2 3 4 |  4.5
Fire Magic     | 1 2 3 4 |  4.5
Ice Magic      | 1 2 3 4 |  4.5
Air Magic      | 1 2 3 4 |  4.5
Earth Magic    | 1 2 3 4 |  4.5
Poison Magic   | 1 2 3 4 |  4.5
Dodging        | 5 6 7 |  7.3
Stealth        | 5 6 7 |  7.0
Spellcasting   | 8 9 |  9.1

Action                     |  1- 3 |  4- 6 |  7- 9 | 10-12 || total
---------------------------+-------+-------+-------+-------++-------
  Melee: Dagger            |    40 |    39 |    37 |       ||   116
         Bite              |     3 |     2 |    21 |     4 ||    30
         Scimitar          |       |       |   157 |    23 ||   180
   Cast: Magic Dart        |    84 |   157 |    93 |    11 ||   345
         Slow              |       |       |    17 |     5 ||    22
         Call Imp          |       |       |    10 |       ||    10
         Blink             |       |       |     1 |       ||     1
         Cigotuvi's Dreadf |       |       |     4 |     1 ||     5
         Mephitic Cloud    |       |       |     3 |     4 ||     7
         Scorch            |       |       |       |    37 ||    37
 Invoke: Curse Item        |       |       |     2 |       ||     2
         Shatter the Chain |       |       |     1 |       ||     1
   Stab: Sleeping          |       |     3 |     3 |     1 ||     7
 Armour: Robe              |     8 |    15 |    28 |       ||    51
         Leather armour    |       |       |       |     7 ||     7
  Dodge: Dodged            |    43 |    54 |   108 |    17 ||   222
  Block: Buckler           |       |    16 |    44 |    14 ||    74

Table legend: (Time is in decaauts)
 A = Elapsed time spent in this place.
 B = Non-inter-level travel time spent in this place.
 C = Inter-level travel time spent in this place.
 D = Time resting spent in this place.
 E = Time spent auto-exploring this place.
 F = Levels seen in this place.
 G = Mean time per level.
                   A        B        C        D        E       F      G
               +--------+--------+--------+--------+--------+-----+--------+
         Total |  10523 |  10032 |    491 |   1533 |   6592 |   8 | 1315.4 |
       Dungeon |  10523 |  10032 |    491 |   1533 |   6592 |   8 | 1315.4 |
               +--------+--------+--------+--------+--------+-----+--------+

Top non-repeatable levels by time:
     D:7: 2047 daAuts
     D:6: 1723 daAuts
     D:3: 1470 daAuts
     D:2: 1170 daAuts
     D:8: 1137 daAuts
     D:5: 1025 daAuts
     D:1: 983 daAuts
     D:4: 965 daAuts
